 Dungeon Crawl Stone Soup version 0.20.1-1-g8b1a95d (webtiles) character file.

88 Minstaer the Firebug (level 4, -3/33 HPs)
             Began as a Hill Orc Fire Elementalist on Nov 4, 2017.
             Slain by Natasha (8 damage)
             ... on level 2 of the Dungeon.
             The game lasted 00:12:05 (1989 turns).

Minstaer the Firebug (Hill Orc Fire Elementalist)   Turns: 1989, Time: 00:12:05

Health: -3/33      AC:  2    Str: 10    XL:     4   Next: 53%
Magic:  2/7        EV: 12    Int: 16    God:
Gold:   23         SH:  0    Dex: 11    Spells: 2/8 levels left

rFire    . . .     SeeInvis .   e - +0 short sword
rCold    . . .     Gourm    .   (no shield)
rNeg     . . .     Faith    .   a - +0 robe
rPois    .         Spirit   .   (no helmet)
rElec    .         Reflect  .   (no cloak)
rCorr    .         Harm     .   (no gloves)
MR       .....                  (no boots)
Stlth    ++........             (no amulet)
Regen    0.2/turn               (no ring)
MPRegen  0.1/turn               (no ring)

@: no status effects
A: no striking features
a: no special abilities


You were on level 2 of the Dungeon.
You were very hungry.

You visited 1 branch of the dungeon, and saw 2 of its levels.

You collected 23 gold pieces.

Inventory:

Hand Weapons
 e - a +0 short sword (weapon)
 k - a +0 rapier
Missiles
 h - 52 stones (quivered)
Armour
 a - a +0 robe (worn)
 j - a +0 leather armour
Scrolls
 d - a scroll of remove curse {unknown}
 g - a scroll of teleportation {unknown}
Potions
 i - a potion of brilliance {unknown}
Books
 b - a book of Flames

   Spells                             Type                      Level
   a - Flame Tongue                   Conjuration/Fire             1
   b - Throw Flame                    Conjuration/Fire             2
   c - Conjure Flame                  Conjuration/Fire             3
   d - Inner Flame                    Hexes/Fire                   3
   e - Sticky Flame                   Conjuration/Fire             4
   f - Fireball                       Conjuration/Fire             5
Comestibles
 c - a bread ration


   Skills:
 - Level 1.5 Dodging
 - Level 1.5 Stealth
 + Level 2.5 Spellcasting
 - Level 3.1 Conjurations
 + Level 3.2 Fire Magic


You had 2 spell levels left.
You knew the following spells:

 Your Spells              Type           Power        Failure   Level  Hunger
a - Flame Tongue          Conj/Fire      ##...        5%          1    #......
b - Throw Flame           Conj/Fire      ##....       8%          2    ##.....
c - Conjure Flame         Conj/Fire      ##......     16%         3    ###....


Dungeon Overview and Level Annotations

Branches:
Dungeon (2/15)

Altars:
Hepliaklqana

Annotations:
D:2 Natasha


Message History

The goblin shouts!
The goblin unwields an uncursed dagger.
The goblin wields a hunting sling.
The goblin shoots a stone.
The stone misses you.
The crimson imp hits you but does no damage.
You see here a stone.
The crimson imp closely misses you.
The goblin shoots a stone.
The stone hits you.
* * * LOW HITPOINT WARNING * * *
Natasha misses you.
You see here a stone.
The goblin unwields an uncursed hunting sling.
The goblin wields an uncursed dagger.
The goblin completely misses you.
The crimson imp blinks!
There is an open door here.
The goblin unwields an uncursed dagger.
The goblin wields an uncursed hunting sling.
The goblin shoots a stone.
The stone closely misses you.
The crimson imp blinks!
Natasha claws you!
You die...

#.....##############
#............ ..#...
#.#'######### #.#.##
#.#.###########.#.##
#................... #
#...###########.#...
#.#..g# #######.#_##
#....h# ........#...
#....@# .....>..####
#.......'.........+...
#....####.........####
#.... ........# #....
#######.# #....
#######.# #....
#.......#### ##...
#.......'...
#.......####


You could see Natasha and a goblin.

Vanquished Creatures
  2 gnolls (D:2)
  3 adders
  A worm (D:2)
  A dart slug (D:2)
  A leopard gecko (D:1)
  5 bats
  A giant cockroach (D:2)
  6 goblins
  A hobgoblin (D:1)
  A quokka (D:2)
  4 frilled lizards
  7 kobolds
  6 rats
39 creatures vanquished.

Notes
Turn   | Place    | Note
-------+----------+-------------------------------------------
     0 | D:1      | Minstaer the Hill Orc Fire Elementalist began the quest for the Orb.
     0 | D:1      | Reached XP level 1. HP: 14/14 MP: 3/3
   341 | D:1      | Reached XP level 2. HP: 20/20 MP: 4/4
   810 | D:2      | Found a hazy altar of Hepliaklqana.
   970 | D:2      | Reached XP level 3. HP: 15/26 MP: 6/6
  1503 | D:2      | Reached XP level 4. HP: 33/33 MP: 2/7
  1945 | D:2      | Noticed Natasha
  1952 | D:2      | Learned a level 2 spell: Throw Flame
  1956 | D:2      | Learned a level 3 spell: Conjure Flame
  1989 | D:2      | Slain by Natasha

Skill      XL: |  1  2  3  4 |
---------------+-------------+-----
Conjurations   | 2 3 |  3.1
Spellcasting   | 2 |  2.5
Dodging        | |  1.5
Stealth        | |  1.5
Fire Magic     | |  3.2

Action                   |  1- 3 |  4- 6 || total
-------------------------+-------+-------++-------
Melee: Short sword       |    92 |    12 ||   104
 Cast: Flame Tongue      |    28 |    22 ||    50
 Stab: Sleeping          |     4 |       ||     4
  Eat: Chunk             |     2 |     1 ||     3
Armor: Robe              |    31 |     5 ||    36
Dodge: Dodged            |    83 |    36 ||   119
